 Dungeon Crawl Stone Soup version 0.24-b1 (webtiles) character file.

Game seed: 546725039308693708, levelgen mode: deterministic

1143 Johnny the Digger (level 7, -9/59 HPs)
             Began as a Demigod Earth Elementalist on Oct 12, 2019.
             Mangled by an ogre
             ... wielding a +0 giant club
              (14 damage)
             ... on level 6 of the Dungeon.
             The game lasted 00:05:30 (7288 turns).

Johnny the Digger (Demigod Earth Elementalist)      Turns: 7288, Time: 00:05:31

Health: -9/59      AC:  6    Str: 11    XL:     7   Next: 92%
Magic:  7/16       EV: 12    Int: 23    God:
Gold:   351        SH:  0    Dex: 19    Spells: 1/14 levels left

rFire    . . .     SeeInvis .   y - +2 flail (drain)
rCold    . . .     Gourm    .   (no shield)
rNeg     . . .     Faith    .   c - +0 robe
rPois    .         Spirit   .   p - +2 helmet
rElec    .         Reflect  .   h - +0 cloak
rCorr    .         Harm     .   (no gloves)
MR       .....     Rnd*Tele +   (no boots)
Stlth    ++........             (no amulet)
HPRegen  0.19/turn              r - +3 ring of dexterity
MPRegen  0.15/turn              f - ring of teleportation (curse)

@: very slightly contaminated
A: high mp 1
a: no special abilities


You were on level 6 of the Dungeon.
You were hungry.

You visited 1 branch of the dungeon, and saw 6 of its levels.

You collected 351 gold pieces.

Inventory:

Hand Weapons
 y - a +2 flail of draining (weapon)
Missiles
 i - 13 stones (quivered)
Armour
 c - a +0 robe (worn)
 h - a +0 cloak (worn)
 p - a +2 helmet (worn)
 w - +0 storm dragon scales
 A - the +3 ring mail of Elyvilon's Supremacy {Str+4}
   (You found it on level 5 of the Dungeon)

   It affects your strength (+4).
Jewellery
 f - a cursed ring of teleportation (right hand)
 r - a +3 ring of dexterity (left hand)
Wands
 b - a wand of acid (12)
 B - a wand of enslavement (4)
 C - a wand of flame (42)
Scrolls
 a - 4 scrolls of enchant armour
 g - 2 scrolls of amnesia
Potions
 e - 2 potions of curing
 j - 3 potions of flight
 k - 2 potions of ambrosia
 l - a potion of agility
 m - a potion of magic {unknown}
 n - 2 potions of mutation
 o - a potion of invisibility {unknown}
 q - a potion of cancellation {unknown}
 s - a potion of heal wounds {unknown}
 t - 2 potions of haste {unknown}
 z - a potion of might {unknown}
Comestibles
 d - 13 rations


   Skills:
 + Level 4.1 Fighting
 - Level 1.7 Dodging
 - Level 1.7 Stealth
 + Level 4.3 Spellcasting
 - Level 0.8 Transmutations
 * Level 6.8 Earth Magic


You had one spell level left.
You knew the following spells:

 Your Spells              Type           Power        Failure   Level  Hunger
a - Sandblast             Erth           #####.       1%          1    None
b - Stone Arrow           Conj/Erth      ###...       8%          3    ##.....
c - Lee's Rapid Deconstr  Erth           #####.....   17%         5    ######.
d - Petrify               Tmut/Erth      ###.....     21%         4    ####...

Your spell library contained the following spells:

 Spells                   Type           Power        Failure   Level  Hunger
 Passwall                 Tmut/Erth      ###.....     3%          2    #......


Dungeon Overview and Level Annotations

Branches:
Dungeon (6/15)             Temple (0/1) D:5


Innate Abilities, Weirdness & Mutations

You have an increased reservoir of magic. (+10% MP)


Message History

You miscast Stone Arrow.
You are very lightly contaminated with residual magic.
Your skin glows momentarily.
The ogre hits you with a +0 giant club!
* * * LOW HITPOINT WARNING * * *
Casting: Stone Arrow (safe; 8% risk of failure)
Confirm with . or Enter, or press ? or * to list all spells.
Aiming: Stone Arrow (safe; 8% risk of failure)
Press: ? - help, Shift-Dir - straight line, f/p - ogre
Aim: an ogre, wielding a +0 giant club (heavily wounded, lightly drained)
The stone arrow hits the ogre!
The ogre is almost dead.
The ogre closely misses you.
Casting: Stone Arrow (safe; 8% risk of failure)
Confirm with . or Enter, or press ? or * to list all spells.
Aiming: Stone Arrow (safe; 8% risk of failure)
Press: ? - help, Shift-Dir - straight line, f/p - ogre
Aim: an ogre, wielding a +0 giant club (almost dead, lightly drained)
You miscast Stone Arrow.
You feel gritty. The ogre hits you with a +0 giant club!
You die...

..# #..#
#...
##..#
...# ..#
####..#
###...$.#
#....@..#
#..###O.#
####
##.## ..#
....#
##..#
#..##
#..##..##
#..#
#....##
#.##
##...#
#.##
#.<.##
..##
#.##..##
#..#


You could see an ogre.

Vanquished Creatures
  A sky beast (D:6)
  2 phantoms
  2 ogres (D:6)
  A centaur (D:5)
  A bullfrog (D:6)
  A scorpion (D:5)
  A crimson imp (D:6)
  A hound (D:5)
  A centaur skeleton (D:4)
  An orc priest (D:6)
  A bullfrog skeleton (D:5)
  Ijyb (D:5)
  4 worker ants
  A worker ant zombie (D:5)
  3 gnolls (D:3)
  11 adders
  A shadow imp (D:5)
  3 worms
  2 dart slugs
  5 leopard geckos
  3 orcs
  A ball python (D:1)
  6 bats
  6 giant cockroaches
  3 goblins
  7 hobgoblins
  11 jackals
  2 quokkas
  7 frilled lizards
  A jackal zombie (D:4)
  2 kobolds
  A quokka zombie (D:5)
  9 rats
103 creatures vanquished.

Notes
Turn   | Place    | Note
-------+----------+-------------------------------------------
     0 | D:1      | Johnny the Demigod Earth Elementalist began the quest for
                  | the Orb.
     0 | D:1      | Reached XP level 1. HP: 14/14 MP: 5/5
   374 | D:1      | Reached skill level 3 in Earth Magic
   460 | D:1      | Reached XP level 2. HP: 22/22 MP: 7/7
  1395 | D:2      | Reached skill level 1 in Fighting
  1395 | D:2      | Reached XP level 3. HP: 26/28 MP: 4/8
  1468 | D:2      | Found a hazy altar of Hepliaklqana.
  2120 | D:2      | Found a blossoming altar of Fedhas.
  2282 | D:2      | Reached XP level 4. HP: 31/35 MP: 8/10
  2469 | D:3      | Found a radiant altar of Vehumet.
  2901 | D:3      | Reached skill level 4 in Earth Magic
  3194 | D:3      | Found a blossoming altar of Fedhas.
  3925 | D:4      | Reached XP level 5. HP: 27/41 MP: 9/11
  4407 | D:4      | Found a shimmering altar of Xom.
  4762 | D:4      | Noticed a phantom
  4778 | D:4      | Killed a phantom
  4778 | D:4      | Reached skill level 5 in Earth Magic
  4778 | D:4      | Reached XP level 6. HP: 41/50 MP: 1/13
  5237 | D:5      | Entered Level 5 of the Dungeon
  5305 | D:5      | Found a shimmering altar of Xom.
  5336 | D:5      | Found a staircase to the Ecumenical Temple.
  5703 | D:5      | HP: 1/51 [centaur/arrow (10)]
  5704 | D:5      | Reached XP level 7. HP: 1/57 MP: 5/15
  6039 | D:5      | Noticed Ijyb
  6064 | D:5      | Killed Ijyb
  6373 | D:5      | Reached skill level 6 in Earth Magic
  6376 | D:5      | Got a translucent ring mail
  6436 | D:5      | Identified the +3 ring mail of Elyvilon's Supremacy {Str+4}
                  | (You found it on level 5 of the Dungeon)
  6886 | D:6      | Learned a level 3 spell: Stone Arrow
  6892 | D:6      | Learned a level 5 spell: Lee's Rapid Deconstruction
  6897 | D:6      | Learned a level 4 spell: Petrify
  7288 | D:6      | Mangled by an ogre

Skill      XL: |  1  2  3  4  5  6  7 |
---------------+----------------------+-----
Earth Magic    | 3 4 5 6 |  6.8
Spellcasting   | 2 3 4 |  4.3
Fighting       | 1 2 3 4 |  4.1
Dodging        | |  1.7
Stealth        | |  1.7
Transmutations | |  0.8

Action                   |  1- 3 |  4- 6 |  7- 9 || total
-------------------------+-------+-------+-------++-------
Melee: Unarmed           |    10 |       |       ||    10
       Dagger            |   109 |   184 |       ||   293
       Flail             |       |       |    60 ||    60
 Cast: Sandblast         |    33 |    54 |     6 ||    93
       Stone Arrow       |       |       |     4 ||     4
Evoke: Wand              |       |       |     2 ||     2
  Use: Scroll            |       |       |    11 ||    11
       Potion            |       |       |     2 ||     2
 Stab: Sleeping          |     8 |     9 |     2 ||    19
       Distracted        |       |       |     1 ||     1
  Eat: Chunk             |     5 |    10 |     5 ||    20
Armor: Robe              |    43 |    62 |    17 ||   122
Dodge: Dodged            |    92 |   120 |    39 ||   251
